 Dungeon Crawl Stone Soup version 0.31-a0-1620-gcbf77bb (webtiles) character file.

Game seed: 17444985660307411381

1464 ironshield the Cleaver (level 8, -1/64 HPs)
             Began as a Hill Orc Fighter on Jan 11, 2024.
             Was an Initiate of Okawaru.
             Slain by Jeremiah the acid dragon (2 damage)
             ... on level 6 of the Dungeon.
             The game lasted 00:10:41 (5256 turns).

ironshield the Cleaver (Hill Orc Fighter)           Turns: 5256, Time: 00:10:41

Health: -1/64      AC:  4    Str: 21    XL:     8   Next: 77%
Magic:  8/8        EV:  7    Int:  8    God:    Okawaru [......]
Gold:   137        SH: 10    Dex: 10    Spells: 7/7 levels left

rFire   . . .        a - +0 war axe
rCold   . . .        c - +0 buckler
rNeg    . . .        w - +0 chain mail
rPois   .            x - +0 helmet
rElec   .            g - +1 cloak
rCorr   .            (no gloves)
SInv    .            (no boots)
Will    .....        v - amulet of reflection Stlth
                     (no ring)
HPRegen 0.30/turn    (no ring)
MPRegen 0.11/turn

%: reflection
@: corroded
A: no striking features
a: Renounce Religion


You were on level 6 of the Dungeon.
You worshipped Okawaru.
Okawaru was noncommittal.
You visited 2 branches of the dungeon, and saw 7 of its levels.

You collected 299 gold pieces.
You spent 162 gold pieces at shops.

Inventory:

Hand Weapons
 a - a +0 war axe (weapon)
 I - a +2 flail of draining
Missiles
 k - 4 atropa-tipped darts (quivered)
 A - 3 boomerangs
 B - 6 javelins
 E - 6 poisoned darts
Armour
 c - a +0 buckler (worn)
 g - a +1 cloak (worn)
 w - a +0 chain mail (worn)
 x - a +0 helmet (worn)
Jewellery
 f - a ring of fire
 v - an amulet of reflection (around neck)
Wands
 o - a wand of polymorph (3)
 D - a wand of flame (24)
Scrolls
 h - 2 scrolls of fear {unknown}
 i - 2 scrolls of poison {unknown}
 j - a scroll of revelation {unknown}
 m - 4 scrolls of vulnerability {unknown}
 n - a scroll of teleportation {unknown}
 p - a scroll of silence {unknown}
 r - a scroll of torment {unknown}
 s - 5 scrolls of enchant armour {unknown}
 u - a scroll of noise {unknown}
 y - a scroll of enchant weapon
 z - 3 scrolls of amnesia {unknown}
 C - a scroll of brand weapon {unknown}
 F - a scroll of identify
Potions
 b - a potion of heal wounds
 d - a potion of might
 e - a potion of mutation
 l - 3 potions of invisibility
 q - 3 potions of curing {unknown}
 t - a potion of brilliance
 G - a potion of attraction {unknown}
 H - a potion of cancellation {unknown}


   Skills:
 - Level 3.6 Fighting
 * Level 13.0 Axes
 - Level 3.2 Armour
 - Level 5.0 Shields
 + Level 1.2 Invocations


You had 7 spell levels left.
You didn't know any spells.
Your spell library contained the following spells:

 Spells                   Type           Power      Damage    Failure   Level
 Jinxbite                 Hex            0%         N/A       99%         2
 Stone Arrow              Conj/Erth      0%         3d7       100%        3
 Alistair's Intoxication  Alch           0%         N/A       100%        5
 Borgnjor's Vile Clutch   Necr/Erth      0%         N/A       100%        5
 Yara's Violent Unravell  Hex/Alch       0%         3d3       100%        5
 Eringya's Noxious Bog    Alch           0%         4d6       100%        6
 Enfeeble                 Hex            0%         N/A       100%        7
 Lehudib's Crystal Spear  Conj/Erth      0%         10d2      100%        8
 Animate Armour           Summ/Erth      Unusable   N/A       N/A         4

Dungeon Overview and Level Annotations

Branches:
Dungeon (6/15)             Temple (1/1) D:5

Altars:
Ashenzari
Cheibriados
Dithmenos
Elyvilon
Fedhas
Gozag
Hepliaklqana
Kikubaaqudgha
Makhleb
Nemelex Xobeh
Okawaru
Ru
Sif Muna
Trog
Uskayaw
Vehumet
Wu Jian
Xom
Yredelemnul
Zin
The Shining One

Shops:
D:2 ?   D:4 :*=(

Annotations:
D:3 1 runed translucent door, Crazy Yiuf
D:4 2 transporters, tmdwp1119's ghost, novice MiFi
D:6 Jeremiah


Message History

The butterfly disappears in a burst of colours!
You block Jeremiah's attack. Jeremiah claws you but does no damage.
You hit Jeremiah but do no damage. Jeremiah bites you.
You block Jeremiah's attack.
You slash Jeremiah!
Jeremiah is heavily wounded.
The butterfly disappears in a burst of colours!
You block Jeremiah's attack. Jeremiah completely misses you.
You hit Jeremiah but do no damage.
Jeremiah is heavily wounded.
The butterfly disappears in a burst of colours!
A centaur comes into view.
The centaur shouts!
You slash Jeremiah!
Jeremiah is almost dead.
Jeremiah closely misses you. Jeremiah claws you but does no damage.
You closely miss Jeremiah.
Jeremiah is almost dead.
The centaur wields a +0 orcbow.
The centaur shoots an arrow.
The arrow hits you! Jeremiah barely misses you.
Jeremiah claws you but does no damage.
You closely miss Jeremiah.
Jeremiah is almost dead.
The centaur shoots an arrow.
The arrow hits you! Jeremiah spits acid at you. The splash of acid hits you!!
* * * LOW HITPOINT WARNING * * *
The acid corrodes you!
You closely miss Jeremiah.
Jeremiah is almost dead.
The centaur shoots an arrow.
The arrow hits you.
* * * LOW HITPOINT WARNING * * *
Jeremiah spits acid at you. The splash of acid hits you!
* * * LOW HITPOINT WARNING * * *
The acid corrodes you!
You completely miss Jeremiah.
Jeremiah is almost dead.
You block Jeremiah's attack. Jeremiah claws you.
You die...

#F##.... #.......# .#.#..##.##
###########.......#
.....###...##.................#
#......# #..#.......###.......#
#......## #........># #.......#
#.......####....#######...##.##
#######.#...).....# ##.....#.#
#####...........###........#
..............D@..##........#
#....###..........c.........#
..... #.#.########.......#.##
.... #.#.# ##.........### ....
....# #............ ... ...###
..........#### ###..
###.....#.#### ... ##......##..
.## ####...##.#


You could see Jeremiah the acid dragon and a centaur.

Vanquished Creatures
  Grinder (D:3)
  Sigmund (D:2)
  An ice beast (D:5)
  An orc warrior (D:4)
  An ogre (D:5)
  A phantom (D:5)
  A kobold brigand (D:6)
  A scorpion (D:5)
  A howler monkey (D:5)
  3 bombardier beetles
  An orc priest (D:4)
  A hound (D:6)
  2 jellies
  3 sleepcaps
  2 iguanas
  An orc wizard (D:4)
  Robin (D:2)
  4 gnolls (D:5)
  10 adders
  2 dart slugs
  A ribbon worm (D:3)
  5 orcs
  9 ball pythons
  8 endoplasms
  3 giant cockroaches
  18 hobgoblins
  12 kobolds
  4 quokkas
  14 bats
  3 frilled lizards
  14 goblins
  9 rats
139 creatures vanquished.

Notes
Turn   | Place    | Note
-------+----------+-------------------------------------------
     0 | D:1      | ironshield the Hill Orc Fighter began the quest for the
                  | Orb.
     0 | D:1      | Reached XP level 1. HP: 19/19 MP: 1/1
    60 | D:1      | Reached skill level 3 in Axes
   101 | D:1      | Found a faded altar of an unknown god.
   112 | D:1      | Reached XP level 2. HP: 19/26 MP: 2/2
   420 | D:1      | Reached skill level 4 in Axes
   463 | D:1      | You fall into a shaft and drop 1 floor!
   490 | D:2      | Reached XP level 3. HP: 31/31 MP: 3/3
   490 | D:2      | Noticed Robin
   508 | D:2      | Noticed Sigmund
   511 | D:2      | Killed Robin
   645 | D:3      | Reached XP level 4. HP: 38/39 MP: 4/4
   840 | D:3      | Noticed Grinder
   865 | D:3      | Paralysed by Grinder for 3 turns
   918 | D:2      | Reached skill level 5 in Axes
  1139 | D:3      | Paralysed by Grinder for 3 turns
  1151 | D:3      | Paralysed by Grinder for 3 turns
  1158 | D:3      | Paralysed by Grinder for 4 turns
  1174 | D:3      | Paralysed by Grinder for 2 turns
  1178 | D:3      | Killed Grinder
  1179 | D:3      | Reached skill level 6 in Axes
  1179 | D:3      | Reached skill level 5 in Shields
  1179 | D:3      | Reached XP level 5. HP: 18/45 MP: 5/5
  1179 | D:3      | Reached XP level 6. HP: 21/51 MP: 6/6
  1578 | D:3      | Found a sacrificial altar of Ru.
  1578 | D:3      | Found an ornate altar of the Wu Jian Council.
  1585 | D:3      | Reached skill level 7 in Axes
  1819 | D:3      | Found a runed translucent door.
  1820 | D:3      | Noticed Crazy Yiuf
  2258 | D:2      | Found a bloodstained altar of Trog.
  2453 | D:2      | Killed Sigmund
  2454 | D:2      | Reached skill level 8 in Axes
  2454 | D:2      | Reached XP level 7. HP: 43/57 MP: 7/7
  2725 | D:2      | Found Uniewol's Magic Scroll Shop.
  2730 | D:2      | Bought a scroll of enchant weapon for 82 gold pieces
  2730 | D:2      | Bought a scroll of identify for 22 gold pieces
  2982 | D:4      | Reached skill level 9 in Axes
  3115 | D:4      | Found Awetauwn's Self-Published Books.
  3276 | D:4      | Found Zillaha's Assorted Antiques.
  3278 | D:4      | Found Jamourgh's Jewellery Shop.
  3278 | D:4      | Found Pyveguv's Antique Weapon Shop.
  3483 | D:4      | Reached skill level 10 in Axes
  3663 | D:4      | Found a transporter.
  3702 | D:4      | Noticed tmdwp1119's ghost (novice MiFi)
  3716 | D:4      | Found a transporter.
  3798 | D:4      | Reached XP level 8. HP: 64/64 MP: 8/8
  4042 | D:4      | Bought a scroll of identify for 58 gold pieces
  4109 | D:5      | Entered Level 5 of the Dungeon
  4109 | D:5      | Found a radiant altar of Vehumet.
  4128 | D:5      | Reached skill level 11 in Axes
  4302 | D:5      | Reached skill level 12 in Axes
  4414 | D:5      | Found a bloodstained altar of Trog.
  4647 | D:5      | Found a staircase to the Ecumenical Temple.
  4658 | Temple   | Entered the Ecumenical Temple
  4723 | Temple   | Became a worshipper of Warmaster Okawaru
  5084 | D:6      | Reached skill level 13 in Axes
  5140 | D:6      | Reached skill level 1 in Invocations
  5223 | D:6      | Noticed Jeremiah
  5243 | D:6      | Jeremiah changed into Jeremiah the swamp dragon
  5243 | D:6      | Noticed Jeremiah
  5247 | D:6      | Jeremiah the swamp dragon changed into Jeremiah the acid
                  | dragon
  5247 | D:6      | Noticed Jeremiah
  5255 | D:6      | HP: 1/64 [Jeremiah the acid dragon/splash of acid (12)]
  5256 | D:6      | Slain by Jeremiah the acid dragon

Illustrated notes

Levels and vault maps discovered:
D:1:      minmay_arrival_four_loops, layout_basic,
          chequers_ecumenical_altar_island
D:2:      layout_loops_cross, basic_altar, serial_shops, shop, uniq_sigmund,
          uniq_robin
D:3:      minmay_spotlight, layout_basic, gammafunk_temple_overflow_pools,
          minmay_vboxes, uniq_grinder, uniq_crazy_yiuf_cottage
D:4:      layout_basic, gammafunk_ghost_stat_death, hangedman_decor_push,
          roderic_batcave, nicolae_shop_distant_corner_stores,
          nicolae_custom_books, minmay_box_of_dots
D:5:      layout_rooms, trog_antimagical, nicolae_vehumet_radiance,
          minmay_temple_entry_poolview
D:6:      layout_rooms, uniq_jeremiah
Temple:   minmay_crystal_spiral_temple

Skill      XL: |  1  2  3  4  5  6  7  8 |
---------------+-------------------------+-----
Axes           | 3 4 6 8 10 13 | 13.0
Shields        | 4 5 |  5.0
Invocations    | 1 |  1.2
Fighting       | |  3.6
Armour         | |  3.2

Action                     |  1- 3 |  4- 6 |  7- 9 || total
---------------------------+-------+-------+-------++-------
  Melee: War axe           |    77 |   100 |   217 ||   394
         Unarmed           |       |     2 |       ||     2
  Evoke: Wand              |       |       |     6 ||     6
    Use: Scroll            |       |       |     5 ||     5
 Armour: Scale mail        |    74 |    59 |     3 ||   136
         Skin              |       |     1 |       ||     1
         Chain mail        |       |       |   132 ||   132
  Dodge: Dodged            |    63 |    49 |    56 ||   168
  Block: Buckler           |    28 |    13 |   107 ||   148
         Reflection        |       |       |     3 ||     3

Table legend: (Time is in decaauts)
 A = Elapsed time spent in this place.
 B = Non-inter-level travel time spent in this place.
 C = Inter-level travel time spent in this place.
 D = Time resting spent in this place.
 E = Time spent auto-exploring this place.
 F = Levels seen in this place.
 G = Mean time per level.
                   A        B        C        D        E       F      G
               +--------+--------+--------+--------+--------+-----+--------+
         Total |   5307 |   4703 |    604 |    446 |   2918 |   7 |  758.1 |
       Dungeon |   5177 |   4701 |    476 |    446 |   2918 |   6 |  862.8 |
        Temple |    130 |      2 |    128 |      0 |      0 |   1 |  130.0 |
               +--------+--------+--------+--------+--------+-----+--------+

Top non-repeatable levels by time:
     D:3: 1416 daAuts
     D:4: 976 daAuts
     D:2: 945 daAuts
     D:1: 835 daAuts
     D:5: 821 daAuts
     D:6: 182 daAuts
  Temple: 130 daAuts
